 Dungeon Crawl Stone Soup version 0.31.0-11-ge490571c62 (webtiles) character file.

Game seed: 7706787058399613795

130 dialectric the Charlatan (level 4, -2/33 HPs)
             Began as a Demonspawn Artificer on Jan 29, 2024.
             Killed by divine providence
             ... invoked by an orc priest
              (12 damage)
             ... on level 4 of the Dungeon.
             The game lasted 00:04:10 (2928 turns).

dialectric the Charlatan (Demonspawn Artificer)     Turns: 2928, Time: 00:04:11

Health: -2/33      AC:  7    Str: 15    XL:     4   Next: 90%
Magic:  4/4        EV: 27    Int: 11    God:
Gold:   177        SH:  0    Dex: 13    Spells: 3/3 levels left

rFire   . . .        f - +2 short sword (freeze)
rCold   . . .        (no shield)
rNeg    . . .        b - +0 leather armour
rPois   .            n - +0 helmet
rElec   .            (no cloak)
rCorr   .            (no gloves)
SInv    .            o - +0 pair of boots
Will    .....        v - amulet of the acrobat
Stlth   +            (no ring)
HPRegen 0.25/turn    (no ring)
MPRegen 0.09/turn

%: acrobat
@: acrobatic
A: slimy green scales 1, demonic guardian 2
a: no special abilities


You were on level 4 of the Dungeon.
You visited 1 branch of the dungeon, and saw 4 of its levels.

You collected 177 gold pieces.

Inventory:

Hand Weapons
 a - a +0 club
 f - a +2 short sword of freezing (weapon)
Armour
 b - a +0 leather armour (worn)
 n - a +0 helmet (worn)
 o - a +0 pair of boots (worn)
 p - a +0 chain mail
Jewellery
 v - an amulet of the acrobat (around neck)
Wands
 c - a wand of flame (6) (quivered)
 d - a wand of charming (14)
 e - a wand of iceblast (5)
Scrolls
 g - a scroll of fear {unknown}
 h - a scroll of blinking {unknown}
 j - a scroll of revelation {unknown}
 k - a scroll of enchant armour {unknown}
 r - a scroll of fog {unknown}
 t - 3 scrolls of identify
 u - a scroll of teleportation {unknown}
Potions
 i - 2 potions of haste {unknown}
 l - 2 potions of enlightenment {unknown}
 m - a potion of magic
 q - a potion of curing {unknown}
 s - a potion of resistance {unknown}


   Skills:
 * Level 1.9 Fighting
 + Level 1.5 Maces & Flails
 + Level 2.8 Armour
 + Level 2.1 Dodging
 - Level 1.1 Stealth
 + Level 3.4 Evocations


You had 3 spell levels left.
You didn't know any spells.
Your spell library contained the following spells:

 Spells                   Type           Power      Damage    Failure   Level
 Mercury Vapours          Alch/Air       0%         N/A       54%         2
 Scorch                   Fire           0%         2d5       54%         2
 Fugue of the Fallen      Necr           0%         N/A       78%         3
 Mephitic Cloud           Conj/Alch/Air  0%         N/A       78%         3
 Ozocubu's Armour         Ice            0%         N/A       78%         3
 Flame Wave               Conj/Fire      0%         2d4       99%         4
 Manifold Assault         Tloc           0%         N/A       99%         4
 Freezing Cloud           Conj/Ice/Air   0%         6-21      100%        5
 Summon Cactus Giant      Summ           0%         N/A       100%        6


Dungeon Overview and Level Annotations

Branches:
Dungeon (4/15)
 Temple: D:4-7

Altars:
Ashenzari
Nemelex Xobeh
Trog
Uskayaw


Innate Abilities, Weirdness & Mutations

You are partially covered in slimy green scales. (AC +2)
A demonic guardian rushes to your aid.


Message History

The goblin shouts!
A goblin is nearby!
A goblin is nearby!
The goblin hits you but does no damage.
You closely miss the goblin. The goblin closely misses you.
Unknown command.
You closely miss the goblin. The goblin misses you.
You hit the goblin. You freeze the goblin.
You kill the goblin!
Things that are here:
a +0 club; a goblin corpse No target in view!
Found a rapier.
No target in view!
You open the door.
There is an open door here.
No target in view!
The orc warrior shouts!
The orc priest hits you but does no damage.
You hit the orc priest. You freeze the orc priest.
The orc priest is lightly wounded.
The orc priest calls upon Beogh to heal the orc priest.
The orc priest's wounds heal themselves!
The kobold shouts!
The orc priest invokes the aid of Beogh against you.
Pain shoots through your body!
A demonic guardian appears!
The orc priest invokes the aid of Beogh against you.
Beogh smites you!
The orc priest hits your orange demon with a +0 dagger.
Your orange demon stings the orc priest but does no damage.
Your orange demon hits the orc priest but does no damage.
Unknown command.
Okay, then.
The orc priest hits your orange demon with a +0 flail.
The orc priest looks braver for a moment.
Your orange demon stings the orc priest.
Your orange demon hits the orc priest!
The orc priest looks weaker.
The orc priest calls down the wrath of Beogh upon you.
Beogh smites you!
You die...

...........#.#####........##...
.........K.#.# #........#....
...........#.# #.............
........o..#.# ###............#
...........#.# #.............##
........o..#.###.#..........###
........o.#.....#.........##.#
.....$.?o#####..........###.#
......o4..@............##.#
.......#####...........##.#
....... #####'##........
....... #.##........ .......
#.##........ .......
#.##........ .......
#.##........ .......
#.########.# #.# #.#


You could see an orc warrior, an orc priest (weak, ally target) and a friendly
orange demon (summoned).

Vanquished Creatures
  An orc priest (D:2)
  5 adders
  2 ribbon worms
  2 dart slugs
  3 orcs
  2 bats
  2 endoplasms
  2 giant cockroaches
  3 goblins
  2 hobgoblins (D:4)
  4 jackals
  5 ball pythons
  5 frilled lizards
  2 kobolds
  6 rats
46 creatures vanquished.

Vanquished Creatures (collateral kills)
  An endoplasm (D:2)
  A bat (D:2)
  A kobold (D:1)
  A rat (D:2)
4 creatures vanquished.

Grand Total: 50 creatures vanquished

Notes
Turn   | Place    | Note
-------+----------+-------------------------------------------
     0 | D:1      | dialectric the Demonspawn Artificer began the quest for the
                  | Orb.
     0 | D:1      | Reached XP level 1. HP: 15/15 MP: 1/1
   216 | D:1      | Reached skill level 1 in Dodging
   445 | D:1      | Gained mutation: A weak demonic guardian rushes to your
                  | aid. [demonic ancestry]
   445 | D:1      | Reached XP level 2. HP: 14/21 MP: 2/2
   952 | D:2      | Reached skill level 1 in Stealth
   952 | D:2      | Gained mutation: A demonic guardian rushes to your aid.
                  | [demonic ancestry]
   952 | D:2      | Reached XP level 3. HP: 23/26 MP: 3/3
  1053 | D:2      | Reached skill level 1 in Maces & Flails
  1053 | D:2      | Gained mutation: You are partially covered in slimy green
                  | scales. (AC +2) [demonic ancestry]
  1053 | D:2      | Reached XP level 4. HP: 28/33 MP: 4/4
  1873 | D:3      | Found a hide-covered altar of Uskayaw.
  1889 | D:3      | Found a broken altar of Ashenzari.
  1903 | D:3      | Found a sparkling altar of Nemelex Xobeh.
  1918 | D:3      | Found a bloodstained altar of Trog.
  2632 | D:4      | Noticed an orc warrior
  2928 | D:4      | Killed from afar by an orc priest

Illustrated notes

Levels and vault maps discovered:
D:1:      dpeg_arrival_rooms_c, layout_basic
D:2:      cheibrodos_pilgrimage, layout_basic
D:3:      layout_basic, nicolae_overflow_quartered_altars
D:4:      layout_basic, lemuel_temple_firewalk_b, serial_park_tiny_2,
          minmay_crossroads

Skill      XL: |  1  2  3  4 |
---------------+-------------+-----
Dodging        | 1 2 |  2.1
Armour         | 2 |  2.8
Stealth        | 1 |  1.1
Maces & Flails | 1 |  1.5
Fighting       | |  1.9
Evocations     | |  3.4

Action                     |  1- 3 |  4- 6 || total
---------------------------+-------+-------++-------
  Melee: Club              |   108 |    62 ||   170
         Punch             |     1 |       ||     1
         Short sword       |       |    40 ||    40
  Evoke: Wand              |     5 |     5 ||    10
    Use: Scroll            |     2 |       ||     2
         Potion            |     1 |       ||     1
   Stab: Sleeping          |       |     2 ||     2
 Armour: Leather armour    |    69 |    60 ||   129
  Dodge: Dodged            |   107 |    78 ||   185
